woodfighter, chaotic female orcish Cavewoman --- ---- ---- ----.-- ----- |..--- |..| --.....------- -...-- |....| |..| --.........)%....... ......| |....----.| --.......-..---.....-----....-| ---...--|(| ---- --....)......----......|..^....| |....||.| |..| |.............-----.......----.---- |.-.--|.| ----- |..| --..)--.....>|.....%......-- |....----- |...| |.| ---...| |..| --.-..----.|.---....|....--- |........---.----|.--- --.....---..|.||......| ----- --...|-..-- |...............||...| --......)......--......----------...----- --.........|.|..||.|^--- |...........^........................| --.........|.|---|.|...| |........^....[..)....-----------.|..#- |.........-|.| |.|--.--- |...--.....)..----...-- --..|...#----- |..........|.| --|.|-....| -.----.......| |..-- |.........--.-- |.........-|^---.|.|.....--- --.....-|---..| ##............| ----.....--|.......|-......-- -.....d-|....| #.............| ----..| ---.....|---.....-- .....aa.|....| |......-#-..### ---- |.....| ----...| .|.-a@#--.--- ##--#--# #..| # |.|.--- ----- ------ --- -#-- ----- woodfighter the Young Cave Woman Experience level: 7 Strength: 17 Dexterity: 16 Constitution: 16 Intelligence: 9 Wisdom: 8 Charisma: 11 Health: 0(54) Energy: 18(18) Def: 12 Gold: 0 Moves: 5597 Dungeon seed: 1DcIssYcAugZlmQh Game ID: woodfighter_1487694656 Your Inventory: Weapons a - a blessed +1 club named Puddingbane (weapon in hand) b - a +2 sling (alternate weapon; not wielded) Z - 2 +0 dwarvish spears Armor n - an uncursed +0 dwarvish cloak q - an uncursed +0 dwarvish iron helm r - an uncursed +0 pair of iron shoes y - an uncursed +0 dwarvish cloak z - an uncursed +0 dwarvish cloak B - an uncursed +0 pair of iron shoes J - a blessed +3 gray dragon scale mail (being worn) K - an uncursed +0 dwarvish cloak N - an uncursed +0 dwarvish cloak P - an uncursed +1 dwarvish cloak S - an uncursed +0 mummy wrapping Y - an uncursed +0 dwarvish iron helm Comestibles d - 5 uncursed food rations p - an uncursed fortune cookie Q - an uncursed tripe ration Wands h - a wand of digging (0:4) j - a wand of secret door detection (0:15) u - a wand of striking (0:7) U - a wand of magic missile (0:3) Tools s - an uncursed sack w - an uncursed burnt partly used wax candle (lit) (0:344) L - a +0 pick-axe Gems e - 10 uncursed flints (in quiver) Contents of the sack: 62 gold pieces a [blessed] scroll of enchant armor a [uncursed] scroll of enchant weapon a [cursed] scroll of remove curse a [uncursed] scroll of scare monster a [uncursed] scroll of teleportation a [uncursed] scroll of water a [uncursed] potion of hallucination a [uncursed] [+1] ring of protection a [uncursed] ring of regeneration a [cursed] [-2] ring of stealth 6 [uncursed] tallow candles [0:200] Spells and supernatural/magical abilities: Name Level Category Fail Memory W - pray for help -- divine ? -- Your skills at the end: Miscellaneous Skills bare handed combat [Basic] Weapon Skills scimitar [Basic] club [Basic] sling [Basic] Spellcasting Skills Final Attributes: You were piously aligned. You were poison resistant. You were magic-protected. You had infravision. You were somewhat stealthy. You were fast. You are dead. Vanquished creatures: a large mimic a small mimic a leprechaun a horse a gnome king a dog a dingo a gnome mummy a snake a rope golem 3 bugbears a baby crocodile a wood nymph a rock mole a rock piercer a pony a fog cloud 8 gnome lords a gnomish wizard 3 giant ants 2 floating eyes 8 dwarves a kobold lord an iguana a hill orc 3 rothes a jitterbug a monkey 4 dwarf zombies a coyote a gas spore 4 hobbits 3 acid blobs 3 large kobolds 3 geckos 5 hobgoblins 6 giant rats 3 brown molds 22 gnomes 21 garter snakes 5 jackals 4 newts 2 goblins a sewer rat 12 grid bugs 4 lichens 2 kobold zombies 155 creatures vanquished. Voluntary challenges: You did not adorn yourself with jewelry or accessories. You did not cause conflict. You were not invisible. You did not have reflection. You were not displaced. You were an atheist. You used a wielded weapon 239 times, starting on turn 67. You did not apply a unicorn horn. You did not use plumbed fixtures. You did not drink any magical draughts. You were illiterate. You never genocided any monsters. You never polymorphed an object. You never changed form. You used 1 wish, starting on turn 2655. You did not wish for any artifacts. You never split a pudding. You never wrote Elbereth's name. You never violated your personal moral code. Dungeon overview: The Dungeons of Doom: levels 1 to 7 Level 1 a long staircase Level 2 (vault) stairs to The Gnomish Mines Level 3 a fountain Level 4 a potion shop Level 5 Level 6 many fountains Level 7 (vault) a fountain stairs to Sokoban The Gnomish Mines: levels 3 to 6 Level 3 stairs to The Dungeons of Doom Level 4 Level 5 <- You were here Level 6 Sokoban: levels 5 to 6 Level 5 Level 6 a magic chest stairs to The Dungeons of Doom History has recorded: On T:1 you entered the Dungeons of Doom to retrieve the Amulet of Yendor! On T:189 you reached level 2 of The Dungeons of Doom. On T:322 you reached level 3 of The Dungeons of Doom. On T:363 you reached level 1 of The Gnomish Mines. On T:674 you advanced to experience level 2. On T:732 you reached level 4 of The Dungeons of Doom. On T:1095 you advanced to experience level 3. On T:1508 you advanced to experience level 4. On T:1626 you reached level 5 of The Dungeons of Doom. On T:1800 you advanced to experience level 5. On T:1875 you reached level 6 of The Dungeons of Doom. On T:2527 you reached level 7 of The Dungeons of Doom. On T:2655 you wished for "+3 blessed fixed greased gray dragon scale mail". On T:2772 you reached level 4 of Sokoban. On T:2997 you opened a magic chest. On T:3220 you advanced to experience level 6. On T:3512 you reached level 3 of Sokoban. On T:4085 you reached level 2 of The Gnomish Mines. On T:4398 you advanced to experience level 7. On T:4491 you reached level 3 of The Gnomish Mines. On T:5218 you reached level 4 of The Gnomish Mines. Score breakdown: Gold: 62 ( 6 points) Experience: 7 levels ( 600 points) Exploration: 7 levels ( 180 points) Discoveries: 23 items ( 1150 points) Variety of kills: 47 monsters ( 2000 points) Major goal: (nothing yet) ( 0 points) Survival: died (score multiplied by 3) Total score: 11808 Latest messages: You put 20 gold pieces into the bag. You put a labeled JUYED AWK YACC into the bag. You put a labeled EDEVESH HANAGASH into the bag. The fire ant bites! The fire ant misses. The fire ant bites! The fire ant misses. (2x) The fire ant bites! You're on fire! The large dog misses the fire ant. (2x) The fire ant misses. (2x) The fire ant bites the large dog. The fire ant misses the large dog. The fire ant bites! The fire ant misses. The large dog bites the fire ant. The fire ant bites the large dog. The fire ant misses the large dog. You hear some noises in the distance. You hit the fire ant! The fire ant bites! The fire ant misses. The fire ant bites! (2x) You're on fire! The fire ant bites! (2x) You're on fire! You die... Final status: Goodbye woodfighter the Cavewoman, killed by a fire ant... You died in The Gnomish Mines on dungeon level 5 with 11808 points, and 62 pieces of gold, after 5597 moves. You were level 7 with a maximum of 54 hit points when you died.